 Dungeon Crawl Stone Soup version 0.27.1-34-g3ba077fa99 (webtiles) character file.

Game seed: 10159805326019885862

5672 safid the Cleaver (level 10, 0/78 HPs)
             Began as a Hill Orc Fighter on Jan 21, 2022.
             Was an Elder of Beogh.
             Slain by an unseen horror (5 damage)
             ... on level 10 of the Dungeon.
             The game lasted 00:20:17 (10744 turns).

safid the Cleaver (Hill Orc Fighter)               Turns: 10744, Time: 00:20:18

Health: 0/78       AC: 18    Str: 23    XL:     10   Next: 75%
Magic:  19/19      EV:  6    Int:  8    God:    Beogh [****..]
Gold:   601        SH: 13    Dex: 10    Spells: 9/9 levels left

rFire    . . .     SeeInvis .   a - +0 war axe
rCold    . . .     Faith    +   c - +0 kite shield
rNeg     . . .     Spirit   .   E - +0 plate armour
rPois    .         Reflect  .   (no helmet)
rElec    .         Harm     .   k - +0 cloak
rCorr    .         Rampage  .   (no gloves)
Will     .....                  r - +0 pair of boots
Stlth    ..........             u - amulet of faith
HPRegen  0.23/turn              e - +4 ring of protection
MPRegen  0.16/turn              i - ring of magical power

@: slowed, very slow
A: no striking features
a: Renounce Religion, Smiting, Recall Orcish Followers


You were on level 10 of the Dungeon.
You worshipped Beogh.
Beogh was greatly pleased with you.
You visited 1 branch of the dungeon, and saw 10 of its levels.

You collected 601 gold pieces.

Inventory:

Hand Weapons
 a - a +0 war axe (weapon)
Missiles
 j - 53 poisoned darts (quivered)
 n - 2 throwing nets
Armour
 b - +0 acid dragon scales
 c - a +0 kite shield (worn)
 k - a +0 cloak (worn)
 m - a +0 helmet
 r - a +0 pair of boots (worn)
 E - a +0 plate armour (worn)
Jewellery
 e - a +4 ring of protection (left hand)
 i - a ring of magical power (right hand)
 u - an amulet of faith (around neck)
Wands
 x - a wand of flame (14)
 G - a wand of iceblast (5)
Scrolls
 g - a scroll of blinking {unknown}
 h - 3 scrolls of enchant weapon
 o - a scroll of noise {unknown}
 p - 4 scrolls of teleportation
 s - a scroll of magic mapping {unknown}
 t - a scroll of fear {unknown}
 v - a scroll of acquirement {unknown}
 w - 3 scrolls of holy word
 y - 3 scrolls of identify
 D - a scroll of immolation {unknown}
 F - a scroll of enchant armour {unknown}
Potions
 d - 2 potions of might
 f - a potion of invisibility
 l - a potion of haste
 q - a potion of ambrosia
 z - a potion of magic {unknown}
 A - a potion of curing
 B - a potion of attraction {unknown}
 C - a potion of degeneration {unknown}
 H - a potion of lignification {unknown}
 I - a potion of mutation {unknown}


   Skills:
 - Level 4.0 Fighting
 + Level 13.9 Axes
 - Level 4.0 Armour
 + Level 12.2 Shields


You had 9 spell levels left.
You didn't know any spells.
Your spell library contained the following spells:

 Spells                   Type           Power      Damage    Failure   Level
 Apportation              Tloc           0%         N/A       100%        1
 Pain                     Necr           0%         1d4       100%        1
 Blink                    Tloc           N/A        N/A       100%        2
 Ensorcelled Hibernation  Hex/Ice        0%         N/A       100%        2
 Slow                     Hex            0%         N/A       100%        2
 Confusing Touch          Hex            0%         N/A       100%        3
 Lesser Beckoning         Tloc           0%         N/A       100%        3
 Portal Projectile        Hex/Tloc       0%         N/A       100%        3
 Spider Form              Tmut/Pois      0%         N/A       100%        3
 Vampiric Draining        Necr           0%         2d6       100%        3
 Hailstorm                Conj/Ice       0%         3d3       100%        4
 Ice Form                 Ice/Tmut       0%         N/A       100%        4
 Agony                    Necr           0%         N/A       100%        5
 Alistair's Intoxication  Tmut/Pois      0%         N/A       100%        5
 Blade Hands              Tmut           0%         N/A       100%        5
 Excruciating Wounds      Necr           0%         N/A       100%        5
 Manifold Assault         Tloc           0%         N/A       100%        5
 Invisibility             Hex            0%         N/A       100%        6
 Shadow Creatures         Summ           N/A        N/A       100%        6
 Simulacrum               Ice/Necr       0%         N/A       100%        6


Dungeon Overview and Level Annotations

Branches:
Dungeon (10/15)            Temple (0/1) D:5            Lair (0/6) D:8
    Orc: D:9-12

Altars:
Gozag
Kikubaaqudgha
Okawaru
Qazlal
Sif Muna
Trog

Shops:
D:6 (


Message History

Your orc warrior hits the yak with a +0 morningstar!
The yak dies!
Beogh accepts your kill.
Something hits you but does no damage. x2
Your orc priest closely misses the wraith.
Something hits you but does no damage.
Your orc priest hits the wraith but does no damage.
The wraith hits you but does no damage.
Your orc warrior closely misses the wraith.
Harm barely misses something.
Your orc priest calls down the wrath of Beogh upon the wraith.
The wraith is smitten.
Something hits your orc priest!
Your orc warrior barely misses the wraith.
The wraith hits you.
* * * LOW HITPOINT WARNING * * *
The wraith drains your vigour!
You feel as though you will be slow longer.
Harm barely misses something.
You closely miss the wraith.
The wraith is moderately damaged.
You closely miss something. Something hits you!
* * * LOW HITPOINT WARNING * * *
Something hits your orc priest.
Something completely misses Harm.
Your orc priest hits the wraith with a +0 hand axe.
Your orc priest hits something with a +0 hand axe.
Your orc warrior hits the wraith with a +0 morningstar!!
The wraith is destroyed!
Beogh accepts your kill.
Your orc warrior looks more experienced.
Harm hits something with a +0 flail!
Something hits your orc knight! Something hits you but does no damage.
Something barely misses Harm.
Something hits you but does no damage.
Harm completely misses something.
Something hits Harm.
Harm misses something.
Something completely misses Harm.
Your orc knight no longer looks unusually strong.
Something hits you but does no damage. You block something's attack.
Things that are here:
a +0 dagger; a kobold corpse Something hits you but does no damage.
Something hits you.
You die...

........######
.)..).........
......).......
#######..##### # #..# .#
#..# ..###
#######..############...[..
...........................
.###############@.......[..
.# #)o))....... >#
#oo))....... .#
#........... .#
#.[......... .#
#...†....... .#
####....†.†.... ..
.........†.(....
................


You could see a friendly orc knight, the friendly Harm the orc knight and a
friendly orc priest.

Vanquished Creatures
  2 centaur zombies
  Maggie (D:8)
  A meliai zombie (D:6)
  2 yaks (D:10)
  2 wargs (D:8)
  A water moccasin (D:5)
  2 ice beasts (D:6)
  2 orc warriors
  An ogre (D:5)
  2 centaurs (D:9)
  A phantom (D:5)
  A gnoll sergeant (D:8)
  2 bullfrogs (D:6)
  8 killer bees
  3 howler monkeys
  5 wights (D:8)
  2 bullfrog zombies
  3 bullfrog skeletons
  A hound (D:4)
  A jelly (D:6)
  4 orc priests
  A centaur skeleton (D:5)
  3 iguanas
  6 orc wizards
  3 howler monkey zombies (D:9)
  7 gnolls
  5 adders
  3 white imps
  An ufetubus (D:5)
  A dart slug (D:4)
  19 orcs
  6 ball pythons
  4 endoplasms
  A giant cockroach (D:1)
  3 goblins
  2 hobgoblins
  4 jackals (D:2)
  3 quokkas
  5 bats
  6 frilled lizards
  14 kobolds
  3 rats
147 creatures vanquished.

Vanquished Creatures (collateral kills)
  A two-headed ogre (D:9)
  A hornet (D:9)
  2 wraiths (D:10)
  8 yaks (D:10)
  An acid dragon (D:9)
  3 orc warriors (D:8)
  A centaur (D:8)
  A kobold brigand (D:10)
  A gnoll sergeant (D:9)
  A howler monkey (D:10)
  3 orc priests
  7 orc wizards
  A gnoll (D:9)
  An orc (D:9)
  A kobold (D:10)
33 creatures vanquished.

Vanquished Creatures (others)
  An orc wizard (D:9)
  An ogre (D:4)
  A scorpion (D:4)
  2 orc priests
  An iguana (D:4)
  13 orcs
  A hobgoblin (D:4)
  A kobold (D:4)
  4 plants
25 creatures vanquished.

Grand Total: 205 creatures vanquished

Notes
Turn   | Place    | Note
-------+----------+-------------------------------------------
     0 | D:1      | safid the Hill Orc Fighter began the quest for the Orb.
     0 | D:1      | Reached XP level 1. HP: 19/19 MP: 1/1
   315 | D:1      | Reached XP level 2. HP: 27/27 MP: 2/2
   321 | D:1      | Reached skill level 3 in Axes
   585 | D:1      | Found a faded altar of an unknown god.
   862 | D:2      | You fall into a shaft and drop 2 floors!
   862 | D:4      | Noticed an ogre
   914 | D:4      | Became a worshipper of Beogh the Brigand
   930 | D:4      | Killed an ogre
  1025 | D:4      | Reached XP level 3. HP: 22/33 MP: 3/3
  1032 | D:4      | Reached XP level 4. HP: 15/40 MP: 4/4
  1035 | D:4      | Reached skill level 4 in Axes
  1150 | D:4      | Killed a scorpion
  1660 | D:2      | Reached XP level 5. HP: 33/46 MP: 5/5
  1767 | D:2      | Reached * piety under Beogh
  2341 | D:3      | Found a stormy altar of Qazlal.
  2345 | D:3      | Found a bloodstained altar of Trog.
  3088 | D:5      | Entered Level 5 of the Dungeon
  3088 | D:5      | Noticed a phantom
  3096 | D:5      | Killed a phantom
  3097 | D:5      | Reached skill level 5 in Axes
  3097 | D:5      | Reached skill level 5 in Shields
  3097 | D:5      | Reached XP level 6. HP: 50/52 MP: 6/6
  3398 | D:5      | Reached skill level 6 in Axes
  3566 | D:5      | Reached XP level 7. HP: 56/59 MP: 7/7
  3646 | D:5      | Found an opulent altar of Gozag.
  3694 | D:5      | Reached skill level 7 in Axes
  4052 | D:5      | Found a staircase to the Ecumenical Temple.
  4131 | D:5      | Reached ** piety under Beogh
  4871 | D:5      | Found an ancient bone altar of Kikubaaqudgha.
  5078 | D:6      | Reached skill level 8 in Axes
  5176 | D:6      | Reached XP level 8. HP: 65/66 MP: 8/8
  5646 | D:6      | Reached skill level 9 in Axes
  5889 | D:6      | Reached skill level 10 in Axes
  5981 | D:6      | Found Ynymn's Antique Weapon Shop.
  6410 | D:7      | Reached XP level 9. HP: 66/71 MP: 9/9
  6964 | D:8      | Noticed Maggie
  6988 | D:8      | HP: 2/71 [gnoll (4)]
  6997 | D:8      | Killed Maggie
  6998 | D:8      | Reached skill level 11 in Axes
  7296 | D:8      | Found a shimmering blue altar of Sif Muna.
  7765 | D:8      | Reached skill level 10 in Shields
  7821 | D:8      | You fall into a shaft and drop 1 floor!
  7842 | D:9      | Reached *** piety under Beogh
  8184 | D:9      | Found an iron altar of Okawaru.
  8627 | D:8      | Found a staircase to the Lair.
  8641 | D:8      | Reached skill level 12 in Axes
  8653 | D:8      | Gained Bogmar as an ally
  9106 | D:8      | Reached XP level 10. HP: 69/78 MP: 10/10
  9601 | D:9      | Your ally Bogmar died
  9619 | D:9      | HP: 3/78 [something (1)]
  9626 | D:9      | Gained Harm as an ally
  9755 | D:9      | Reached **** piety under Beogh
 10024 | D:9      | Reached skill level 13 in Axes
 10064 | D:9      | Noticed a two-headed ogre
 10071 | D:9      | Killed a two-headed ogre
 10585 | D:10     | Entered Level 10 of the Dungeon
 10744 | D:10     | Slain by an unseen horror

Illustrated notes

Levels and vault maps discovered:
D:1:      scummos_arrival_star, layout_basic,
          dreamdust_ecumenical_altar_angels_and_demons
D:2:      layout_basic
D:3:      layout_rooms, minitemple
D:4:      kennysheep_big_flooded_room, layout_basic
D:5:      layout_basic, lemuel_tele_altar, mainiacjoe_overflow_catwalk,
          minmay_temple_entry_butterflies, minmay_lizard_king
D:6:      layout_layer_cave, serial_shops, nicolae_square_shop,
          amcnicky_mini_pool_small
D:7:      wander_river, layout_gridville
D:8:      layout_loops_cross, mainiacjoe_overflow_alcove_4,
          erik_lair_orcish_takeover, nicolae_ossuary_entry_monument, uniq_maggie
D:9:      layout_cave_pools, mainiacjoe_overflow_chevrons, billiards_dpeg
D:10:     layout_long_grid, old_standard_altar, kennysheep_generic_room_12

Skill      XL: |  1  2  3  4  5  6  7  8  9 10 |
---------------+-------------------------------+-----
Axes           | 3 4 5 6 8 10 12 13 | 13.9
Fighting       | 4 |  4.0
Armour         | 4 |  4.0
Shields        | 4 5 6 7 9 10 12 | 12.2

Action                   |  1- 3 |  4- 6 |  7- 9 | 10-12 || total
-------------------------+-------+-------+-------+-------++-------
Melee: War axe           |    62 |   151 |   353 |    72 ||   638
Throw: Dart              |       |       |       |     6 ||     6
Invok: Convert to Beogh  |     1 |       |       |       ||     1
  Use: Scroll            |       |       |     4 |     2 ||     6
       Potion            |       |       |     8 |       ||     8
 Stab: Distracted        |       |       |       |     3 ||     3
Armor: Scale mail        |    60 |    77 |    82 |       ||   219
       Plate armour      |       |       |   153 |    70 ||   223
Dodge: Dodged            |    27 |    48 |   126 |     9 ||   210
Block: Kite shield       |    66 |    86 |   278 |    55 ||   485
